 Dungeon Crawl Stone Soup version 0.21.1-1-g345015f (webtiles) character file.

1428 Miyamura the Skirmisher (level 9, 0/68 HPs)
             Began as a Human Monk on Feb 9, 2018.
             Was a Believer of Cheibriados.
             Slain by a wight
             ... wielding a cursed +3 falchion of freezing
              (3 damage)
             ... on level 6 of the Dungeon.
             The game lasted 00:11:21 (8737 turns).

Miyamura the Skirmisher (Human Monk)                Turns: 8737, Time: 00:11:22

Health: 0/68       AC:  6    Str: 16    XL:     9   Next: 3%
Magic:  10/10      EV: 11    Int: 17    God:    Cheibriados [**....]
Gold:   368        SH:  4    Dex: 20    Spells: 8/8 levels left

rFire    . . .     SeeInvis .   a - +0 falchion
rCold    . . .     Gourm    .   l - +0 buckler
rNeg     . . .     Faith    .   h - +0 steam dragon scales
rPois    .         Spirit   .   (no helmet)
rElec    .         Reflect  .   (no cloak)
rCorr    .         Harm     .   (no gloves)
MR       .....                  y - +0 pair of boots
Stlth    +++.......             (no amulet)
HPRegen  0.21/turn              p - ring of stealth
MPRegen  0.12/turn              (no ring)

@: very heavily drained, very slow
A: no striking features
a: Bend Time, Renounce Religion


You were on level 6 of the Dungeon.
You worshipped Cheibriados.
Cheibriados was pleased with you.
You were very hungry.

You visited 1 branch of the dungeon, and saw 6 of its levels.

You collected 368 gold pieces.

Inventory:

Hand Weapons
 a - a +0 falchion (weapon)
 z - a +0 rapier
Missiles
 d - 61 sling bullets
 e - 152 stones (quivered)
 j - 25 bolts
 n - 13 poisoned needles
 u - 16 arrows
 v - 2 throwing nets
Armour
 h - +0 steam dragon scales (worn)
 l - a +0 buckler (worn)
 y - a +0 pair of boots (worn)
Jewellery
 p - a ring of stealth (left hand)
Wands
 b - a wand of iceblast (7)
 g - a wand of paralysis (9)
 o - a wand of random effects (22)
 w - a wand of acid (6)
Scrolls
 f - 8 scrolls of identify
 k - a scroll of teleportation
 q - a scroll of amnesia
 r - a scroll of fear
 x - a scroll of blinking {unknown}
Potions
 m - 2 potions of haste
Books
 i - a book of Misfortune

   Spells                             Type                      Level
   a - Confusing Touch                Hexes                        1
   b - Confuse                        Hexes                        3
   c - Gell's Gravitas                Translocation                3
   d - Petrify                        Transmutation/Earth          4
   e - Metabolic Englaciation         Hexes/Ice                    5
   f - Yara's Violent Unravelling     Hexes/Transmutation          5
Comestibles
 c - 8 rations


   Skills:
 + Level 5.5(1.4) Fighting
 + Level 5.5(1.5) Long Blades
 + Level 4.3(0.4) Armour
 + Level 5.4(1.4) Dodging
 - Level 2.0(0.0) Stealth
 + Level 4.2(0.3) Shields
 + Level 1.9(0.0) Invocations


You had 8 spell levels left.
You didn't know any spells.

Dungeon Overview and Level Annotations

Branches:
Dungeon (6/15)
 Temple: D:4-7

Altars:
Ashenzari
Cheibriados
Dithmenos
Fedhas
Kikubaaqudgha
Makhleb


Message History

The wight closely misses you.
You barely miss the wight.
The wight is severely damaged.
The wight hits you but does no damage.
You hit the wight but do no damage.
The wight is severely damaged.
The wight hits you with a falchion of freezing.
You feel drained. The wight freezes you.
You closely miss the wight.
The wight is severely damaged.
The wight closely misses you.
You hit the wight.
The wight is almost destroyed.
The wight hits you with a falchion of freezing!
You feel drained. The wight freezes you.
You hit the wight.
The wight is almost destroyed.
The wight hits you with a falchion of freezing.
The wight freezes you.
You die...

........#....<............# #..
........#.................# #..
..).....#.................'.. #..
........#.................#.. #..
........'.................#...#..
#+##'##.####.##'###.####'## ..###
..##.##.#######..##.##...#
................z#.......#
.........)......@#.......#
.................#.......#
.................'.......#
....###..###...####'######
#######..###...# ..
...............# ...
...............# ...
...............# ..
...............# .


You could see a wight.

Vanquished Creatures
  Prince Ribbit (D:5)
  A steam dragon (D:3)
  3 necrophages
  2 ogres
  Blork the orc (D:4)
  A bullfrog (D:6)
  2 wights (D:5)
  A crimson imp (D:5)
  An orc priest (D:4)
  A bullfrog skeleton (D:4)
  2 hounds
  5 worker ants
  A worker ant zombie (D:6)
  6 adders
  3 oozes
  An adder skeleton (D:4)
  6 worms
  3 dart slugs
  6 leopard geckos
  4 orcs
  4 ball pythons
  5 giant cockroaches
  8 goblins
  13 hobgoblins
  7 kobolds
  4 quokkas
  8 bats
  5 frilled lizards
  A quokka skeleton (D:4)
  11 rats
117 creatures vanquished.

Notes
Turn   | Place    | Note
-------+----------+-------------------------------------------
     0 | D:1      | Miyamura the Human Monk began the quest for the Orb.
     0 | D:1      | Reached XP level 1. HP: 18/18 MP: 1/1
    97 | D:1      | Reached XP level 2. HP: 18/24 MP: 2/2
   729 | D:1      | Reached skill level 1 in Armour
   793 | D:1      | Reached XP level 3. HP: 29/29 MP: 3/3
  1711 | D:2      | Found a burning altar of Makhleb.
  1715 | D:2      | Reached XP level 4. HP: 28/35 MP: 4/4
  1720 | D:2      | Reached skill level 1 in Shields
  2024 | D:2      | Found an ancient bone altar of Kikubaaqudgha.
  2044 | D:2      | Reached XP level 5. HP: 26/41 MP: 5/5
  3633 | D:3      | Noticed a steam dragon
  3655 | D:3      | HP: 1/42 [steam dragon/ball of steam (17)]
  3660 | D:3      | Killed a steam dragon
  3660 | D:3      | Reached XP level 6. HP: 19/48 MP: 6/6
  4915 | D:4      | Noticed a sky beast
  5161 | D:4      | Noticed Blork the orc
  5166 | D:4      | Killed Blork the orc
  5166 | D:4      | Reached XP level 7. HP: 55/55 MP: 7/7
  5540 | D:4      | Found a shattered altar of Ashenzari.
  6207 | D:5      | Entered Level 5 of the Dungeon
  6554 | D:5      | Noticed Prince Ribbit
  6564 | D:5      | Killed Prince Ribbit
  6564 | D:5      | Reached XP level 8. HP: 42/61 MP: 8/8
  6864 | D:5      | Reached skill level 5 in Fighting
  6864 | D:5      | Reached skill level 5 in Long Blades
  6882 | D:5      | Found a shadowy altar of Dithmenos.
  7170 | D:5      | Reached skill level 5 in Dodging
  7205 | D:5      | Found a snail-covered altar of Cheibriados.
  7206 | D:5      | Found a blossoming altar of Fedhas.
  7356 | D:5      | Became a worshipper of Cheibriados the Contemplative
  7356 | D:5      | Reached * piety under Cheibriados
  7356 | D:5      | Reached ** piety under Cheibriados
  7430 | D:5      | Found a blossoming altar of Fedhas.
  7706 | D:6      | Reached skill level 1 in Invocations
  8042 | D:5      | HP: 1/62 [wight/enchanted mace (4)]
  8432 | D:6      | Reached XP level 9. HP: 62/68 MP: 10/10
  8737 | D:6      | HP: 3/68 [wight/falchion of freezing (6)]
  8737 | D:6      | Slain by a wight

Skill      XL: |  1  2  3  4  5  6  7  8 |
---------------+-------------------------+-----
Armour         | 1 2 3 4 |  4.3
Shields        | 1 2 3 4 |  4.2
Fighting       | 4 5 |  5.5
Long Blades    | 4 5 |  5.5
Dodging        | 4 5 |  5.4
Invocations    | 1 |  1.9
Stealth        | |  2.0

Action                   |  1- 3 |  4- 6 |  7- 9 || total
-------------------------+-------+-------+-------++-------
Melee: Falchion          |    84 |   249 |   272 ||   605
Evoke: Wand              |       |     4 |    11 ||    15
  Use: Scroll            |       |     6 |     2 ||     8
       Potion            |       |    10 |     4 ||    14
 Stab: Sleeping          |     7 |     9 |     3 ||    19
       Distracted        |       |     1 |       ||     1
       Invisible         |       |     1 |       ||     1
  Eat: Chunk             |     2 |    12 |     8 ||    22
Armor: Robe              |    10 |    18 |       ||    28
       Steam dragon scal |       |    41 |    60 ||   101
Dodge: Dodged            |    48 |   163 |   136 ||   347
Block: Buckler           |     8 |    56 |    54 ||   118
       Rpst.: Falchion   |    20 |    41 |    42 ||   103
